 Dungeon Crawl Stone Soup version 0.29-a0-1019-g84f7d21838 (webtiles) character file.

Game seed: 13756578795361587307

7035 leavemydog the Thaumaturge (level 10, -8/53 HPs)
             Began as a Deep Elf Conjurer on Aug 10, 2022.
             Was a Believer of Vehumet.
             Mangled by a cyclops (13 damage)
             ... on level 8 of the Dungeon.
             The game lasted 00:19:30 (12122 turns).

leavemydog the Thaumaturge (Deep Elf Conjurer)     Turns: 12122, Time: 00:19:30

Health: -8/53      AC:  4    Str: 10    XL:     10   Next: 83%
Magic:  22/29      EV: 12    Int: 30    God:    Vehumet [**....]
Gold:   351        SH:  0    Dex: 13    Spells: 22/36 levels left

rFire   . . .      SeeInvis +   n - +10 flail "Vaig" {vorpal, *Rage Will++ Int+2}
rCold   + + .      Faith    .   (no shield)
rNeg    . . .      Spirit   .   G - +0 robe {rC+}
rPois   .          Reflect  .   d - +0 hat {SInv}
rElec   .          Harm     .   F - +0 cloak
rCorr   .          Rampage  .   c - +0 pair of gloves
Will    +++..      Rage     20% (no boots)
Stlth   ++........              (no amulet)
HPRegen 0.17/turn               t - +6 ring of strength
MPRegen 0.21/turn               (no ring)

@: no status effects
A: antennae 1, cold resistance 1
a: Renounce Religion


You were on level 8 of the Dungeon.
You worshipped Vehumet.
Vehumet was pleased with you.
You visited 2 branches of the dungeon, and saw 10 of its levels.

You collected 421 gold pieces.
You spent 70 gold pieces at shops.

Inventory:

Hand Weapons
 n - the +10 flail "Vaig" (weapon) {vorpal, *Rage Will++ Int+2}
   (You found it on level 2 of the Dungeon)

   It inflicts extra damage upon your enemies.
   Int:       It affects your intelligence (+2).
   *Rage:     It berserks you when you make melee attacks (+20% chance).
   Will:      It greatly increases your willpower.
Missiles
 y - 2 throwing nets
Armour
 c - a +0 pair of gloves (worn)
 d - a +0 hat of see invisible (worn)
 F - a +0 cloak (worn)
 G - a +0 robe of cold resistance (worn)
Jewellery
 t - a +6 ring of strength (left hand)
Wands
 s - a wand of paralysis (14)
 A - a wand of iceblast (8)
 D - a wand of flame (47)
 H - a wand of quicksilver (3)
Scrolls
 e - 2 scrolls of teleportation
 f - a scroll of amnesia
 h - 3 scrolls of immolation
 j - a scroll of torment {unknown}
 k - a scroll of enchant weapon {unknown}
 o - 2 scrolls of butterflies
 p - a scroll of enchant armour {unknown}
 v - a scroll of magic mapping {unknown}
 B - a scroll of vulnerability {unknown}
 C - a scroll of noise {unknown}
 E - a scroll of poison {unknown}
Potions
 a - a potion of attraction {unknown}
 b - 4 potions of magic
 g - 4 potions of curing
 i - 2 potions of haste {unknown}
 l - a potion of brilliance {unknown}
 m - a potion of invisibility {unknown}
 q - a potion of ambrosia {unknown}
 r - 2 potions of might
 u - 4 potions of lignification
 w - a potion of cancellation {unknown}
 x - a potion of berserk rage {unknown}
 z - a potion of flight {unknown}


   Skills:
 + Level 2.1 Fighting
 - Level 2.4 Dodging
 - Level 2.4 Stealth
 + Level 13.5 Spellcasting
 + Level 12.1 Conjurations
 - Level 4.2 Hexes
 * Level 7.3 Translocations


You had 22 spell levels left.
You knew the following spells:

 Your Spells              Type           Power      Damage    Failure   Level
a - Magic Dart            Conj           100%       1d8       0%          1
b - Searing Ray           Conj           100%       2d8       1%          2
c - Iskenderun's Mystic   Conj/Tloc      68%        2d14      1%          4
d - Fulminant Prism       Conj/Hex       31%        3d16      1%          4
e - Dazzling Flash        Conj/Hex       100%       N/A       1%          3

Your spell library contained the following spells:

 Spells                   Type           Power      Damage    Failure   Level
 Poisonous Vapours        Pois/Air       40%        N/A       3%          2
 Ensorcelled Hibernation  Hex/Ice        66%        N/A       1%          2
 Passwall                 Tmut/Erth      16%        N/A       3%          2
 Sublimation of Blood     Necr           20%        N/A       3%          2
 Wereblood                Tmut           20%        N/A       3%          2
 Swiftness                Air            20%        N/A       8%          3
 Summon Hydra             Summ           10%        N/A       100%        7


Dungeon Overview and Level Annotations

Branches:
Dungeon (9/15)             Temple (1/1) D:5            Lair (0/5) D:8
    Orc: D:9-12

Altars:
Ashenzari
Cheibriados
Dithmenos
Elyvilon
Fedhas
Gozag
Hepliaklqana
Kikubaaqudgha
Makhleb
Nemelex Xobeh
Okawaru
Qazlal
Ru
Sif Muna
Trog
Uskayaw
Vehumet
Wu Jian
Xom
Yredelemnul
Zin
The Shining One

Shops:
D:5 **!   D:8 **


Innate Abilities, Weirdness & Mutations

You have a pair of small antennae on your head.
Your flesh is cold resistant. (rC+)


Message History

The blast of energy engulfs the gnoll sergeant!
The gnoll sergeant is heavily wounded.
The blast of energy engulfs the cyclops!!
The cyclops is severely wounded.
The blast of energy engulfs the gnoll!!
You kill the gnoll!
Vehumet accepts your kill.
You feel your power returning.
The gnoll hits you from afar with a +0 spear.
You climb upwards.
There is a stone staircase leading down here.
You start resting.
Magic restored.
You start resting.
HP restored.
You climb downwards.
The cyclops hits you!!
The gnoll sergeant hits you from afar with a +5 antimagic spear!
You feel your power leaking away. The gnoll closely misses you.
There is a stone staircase leading up, spattered with blood here.
The cyclops hits you!
* * * LOW HITPOINT WARNING * * *
The gnoll hits you but does no damage.
The gnoll sergeant completely misses you.
You climb upwards.
There is a stone staircase leading down here.
Okay, then.
Okay, then.
Casting: Magic Dart (safe; 0% risk of failure)
Confirm with . or Enter, or press ? or * to list all spells.
You erupt in a blast of force!
The mystic blast hits the cyclops!
The cyclops is moderately wounded.
The mystic blast hits the gnoll!
The gnoll is almost dead.
The gnoll is knocked back by the mystic blast.
The gnoll slams into the rock wall!
You kill the gnoll!
Vehumet accepts your kill.
You feel your power returning. The cyclops hits you!
You die...

##########'##.#..##...#.≈~≈~.....
##########.##.........'..≈≈~~....
........##.##..#.######.~~~~.....
........##.##........##..~.....~.
..≈≈~~..##.....#.###.##..~.......
.~~≈≈~..##.......# #.##..........
...≈~~~.###......# #.##..........
..~~~≈~.# #.....C###.##..........
........# ######@.)#.######'#....
###'##### #.#.#.# #.#.### # #.#
######.#.#.# #.#.#.. # #.#
#...##.#.#.# #.#.#.#
###.#######...##.#.#.# #.#:#..
..............8#.#.#.#### #.#.###
###...##.###..##.#.#....# #.#....
###.##.# #..##.#.####.# #.#....
#.##.###..##.#.# #.# #.#[###


You could see a cyclops.

Vanquished Creatures
  Gastronok (D:8)
  A two-headed ogre (D:6)
  Pikel (D:8)
  Joseph (D:8)
  Psyche (D:8)
  Maggie (D:8)
  A hornet (D:7)
  Sigmund (D:2)
  Eustachio (D:6)
  6 yaks (D:8)
  4 water moccasins
  2 sky beasts
  3 black bears (D:8)
  2 ice beasts
  2 centaurs (D:8)
  2 lemures (D:8)
  2 phantoms
  A kobold brigand (D:8)
  2 bullfrogs
  A necrophage (D:5)
  3 scorpions
  An electric eel (D:8)
  A crimson imp (D:4)
  3 hounds
  2 jellies
  A bullfrog skeleton (D:5)
  4 gnoll boudas
  4 orc priests
  Jessica (D:2)
  4 iguanas
  3 orc wizards
  21 gnolls
  An adder (D:5)
  2 white imps
  2 ufetubi
  A worm (D:2)
  7 dart slugs
  21 orcs
  6 ball pythons
  10 endoplasms
  A giant cockroach (D:1)
  6 goblins
  6 hobgoblins
  2 jackals (D:1)
  2 quokkas
  10 bats
  3 frilled lizards
  12 kobolds
  7 rats
183 creatures vanquished.

Vanquished Creatures (others)
  7 fulminant prisms
  46 fungi (D:8)
  60 plants
113 creatures vanquished.

Grand Total: 296 creatures vanquished

Notes
Turn   | Place    | Note
-------+----------+-------------------------------------------
     0 | D:1      | leavemydog the Deep Elf Conjurer began the quest for the
                  | Orb.
     0 | D:1      | Reached XP level 1. HP: 10/10 MP: 6/6
   154 | D:1      | Reached XP level 2. HP: 15/15 MP: 4/8
   157 | D:1      | Learned a level 2 spell: Searing Ray
   208 | D:1      | Found a faded altar of an unknown god.
   288 | D:1      | Reached skill level 5 in Conjurations
   430 | D:1      | Reached XP level 3. HP: 19/19 MP: 2/9
  1029 | D:2      | Noticed Jessica
  1031 | D:2      | Killed Jessica
  1032 | D:2      | Reached XP level 4. HP: 24/24 MP: 8/11
  1203 | D:2      | Noticed Sigmund
  1209 | D:2      | Killed Sigmund
  1210 | D:2      | Reached skill level 4 in Spellcasting
  1210 | D:2      | Reached XP level 5. HP: 11/28 MP: 4/14
  1382 | D:2      | Learned a level 4 spell: Iskenderun's Mystic Blast
  1858 | D:2      | Identified the +10 flail "Vaig" {vorpal, *Rage Will++
                  | Int+2}
  2662 | D:3      | Found a glowing silver altar of Zin.
  2691 | D:3      | Reached skill level 5 in Spellcasting
  2691 | D:3      | Reached XP level 6. HP: 32/32 MP: 12/15
  2717 | D:3      | Identified the +4 long sword "Uxzoepum" {spect, Int+5}
  3359 | D:4      | Reached skill level 1 in Translocations
  3449 | D:4      | Noticed an ice beast
  3459 | D:4      | Killed an ice beast
  3712 | D:4      | Reached XP level 7. HP: 23/36 MP: 1/17
  4019 | D:4      | Reached skill level 6 in Spellcasting
  4778 | D:5      | Entered Level 5 of the Dungeon
  4778 | D:5      | Found Bawukidat's Assorted Antiques.
  5270 | D:5      | Found Opat's Distillery.
  5345 | D:5      | Bought a potion of heal wounds for 70 gold pieces
  5349 | D:5      | Found a hide-covered altar of Uskayaw.
  5585 | D:5      | Found a staircase to the Ecumenical Temple.
  5595 | Temple   | Entered the Ecumenical Temple
  5611 | Temple   | Became a worshipper of Vehumet
  5675 | D:5      | Reached skill level 7 in Spellcasting
  5930 | D:5      | Reached XP level 8. HP: 11/42 MP: 0/21
  6355 | D:5      | Found Zocacriul's General Store.
  6421 | D:6      | Gained mutation: You have a pair of small antennae on your
                  | head. [potion of mutation]
  6421 | D:6      | Gained mutation: Your flesh is cold resistant. (rC+)
                  | [potion of mutation]
  6454 | D:6      | Reached skill level 1 in Fighting
  6880 | D:6      | Noticed a two-headed ogre
  6892 | D:6      | Killed a two-headed ogre
  6893 | D:6      | Reached skill level 9 in Spellcasting
  7110 | D:6      | Noticed Eustachio
  7400 | D:6      | Learned a level 4 spell: Fulminant Prism
  7460 | D:6      | Killed Eustachio
  7461 | D:6      | Reached skill level 10 in Conjurations
  7461 | D:6      | Reached skill level 5 in Translocations
  7461 | D:6      | Reached XP level 9. HP: 30/47 MP: 8/24
  7639 | D:6      | Reached skill level 1 in Hexes
  8376 | D:7      | Paralysed by a hornet for 2 turns
  8382 | D:7      | Reached skill level 10 in Spellcasting
  8750 | D:7      | Found an ornate altar of the Wu Jian Council.
  8782 | D:7      | Found a stormy altar of Qazlal.
  8785 | D:7      | Found a basalt altar of Yredelemnul.
  8785 | D:7      | Found an iron altar of Okawaru.
  8792 | D:7      | Found a white marble altar of Elyvilon.
  9488 | D:8      | Noticed Pikel
  9518 | D:8      | Killed Pikel
  9519 | D:8      | Reached skill level 11 in Spellcasting
  9633 | D:8      | Reached * piety under Vehumet
  9633 | D:8      | Offered knowledge of Shock by Vehumet.
  9687 | D:8      | Found Mucrye's Sacrilege Store.
  9705 | D:8      | Noticed Maggie
  9717 | D:8      | Killed Maggie
  9807 | D:8      | Noticed Joseph
  9918 | D:8      | Found a staircase to the Lair.
  9941 | D:8      | Noticed Gastronok
 10109 | D:8      | Reached XP level 10. HP: 52/52 MP: 16/27
 10198 | D:8      | Learned a level 3 spell: Dazzling Flash
 10492 | D:8      | Killed Joseph
 10493 | D:8      | Reached skill level 12 in Spellcasting
 11318 | D:8      | Reached ** piety under Vehumet
 11318 | D:8      | Offered knowledge of Poisonous Vapours by Vehumet.
 11422 | D:8      | Noticed Psyche
 11431 | D:8      | Killed Psyche
 11432 | D:8      | Reached skill level 13 in Spellcasting
 11549 | D:8      | Killed Gastronok
 11766 | D:8      | Found Fula Wext's Assorted Antiques.
 11908 | D:9      | Noticed a cyclops
 12122 | D:8      | Mangled by a cyclops

Illustrated notes

Levels and vault maps discovered:
D:1:      minmay_arrival_stair_chambers, layout_rooms,
          ebering_ecumenical_altar_webs, minivault_26
D:2:      wander_river, layout_loops_corners, uniq_sigmund, uniq_jessica
D:3:      layout_loops_ring, zin_scriptorium
D:4:      layout_cave_pools, serial_bayou_pond_a, minmay_fire_ice_demons
D:5:      layout_loops_ring, lemuel_round_altar, minmay_temple_entry_grid,
          serial_shops, shop, nicolae_shop_waterfront, nicolae_stop_n_shop_2,
          serial_undead, serial_undead_e, serial_undead_f, serial_undead_e,
          serial_undead_b, kennysheep_path_1,
          hangedman_abyss_or_decor_lesser_grid
D:6:      layout_gridville, nicolae_grassy_gnolls, uniq_eustachio
D:7:      layout_loops_ring, nicolae_overflow_hallway_of_the_gods
D:8:      layout_basic, due_lair_maze_entry_diamond, serial_shops,
          nicolae_shop_window_shopping, chequers_hall_statues_corner_a,
          nicolae_evil_shop, uniq_pikel, uniq_maggie, uniq_psyche,
          uniq_gastronok, uniq_joseph
D:9:      layout_roguey, serial_shops, nicolae_shop_hallway_stairs
Temple:   hellmonk_temple_two_chambers

Skill      XL: |  1  2  3  4  5  6  7  8  9 10 |
---------------+-------------------------------+-----
Conjurations   | 5 7 8 10 12 | 12.1
Spellcasting   | 4 5 7 9 11 13 | 13.5
Translocations | 1 3 5 6 7 |  7.3
Fighting       | 1 2 |  2.1
Hexes          | 4 |  4.2
Dodging        | |  2.4
Stealth        | |  2.4

Action                   |  1- 3 |  4- 6 |  7- 9 | 10-12 || total
-------------------------+-------+-------+-------+-------++-------
Melee: Flail             |       |     4 |     1 |       ||     5
 Cast: Magic Dart        |    61 |   114 |   230 |    37 ||   442
       Searing Ray       |       |     3 |    28 |    13 ||    44
       Iskenderun's Myst |       |       |    14 |    14 ||    28
       Fulminant Prism   |       |       |     3 |     4 ||     7
  Use: Scroll            |       |     1 |    11 |       ||    12
       Potion            |       |       |     4 |       ||     4
Armor: Robe              |     3 |     1 |    16 |     4 ||    24
Dodge: Dodged            |     4 |    15 |    57 |    18 ||    94

Table legend: (Time is in decaauts)
 A = Elapsed time spent in this place.
 B = Non-inter-level travel time spent in this place.
 C = Inter-level travel time spent in this place.
 D = Time resting spent in this place.
 E = Time spent auto-exploring this place.
 F = Levels seen in this place.
 G = Mean time per level.
                   A        B        C        D        E       F      G
               +--------+--------+--------+--------+--------+-----+--------+
         Total |  12146 |  11950 |    196 |   5031 |   5722 |  10 | 1214.6 |
       Dungeon |  12115 |  11924 |    191 |   5031 |   5705 |   9 | 1346.1 |
        Temple |     30 |     25 |      5 |      0 |     17 |   1 |   30.0 |
               +--------+--------+--------+--------+--------+-----+--------+

Top non-repeatable levels by time:
     D:8: 2565 daAuts
     D:4: 1838 daAuts
     D:6: 1653 daAuts
     D:7: 1483 daAuts
     D:2: 1325 daAuts
     D:5: 1313 daAuts
     D:1: 984 daAuts
     D:3: 945 daAuts
  Temple: 30 daAuts
     D:9: 7 daAuts
